 Dungeon Crawl Stone Soup version 0.18.1-8-gdd0e5ea (webtiles) character file.

211 Scarto the Skirmisher (level 5, -1/42 HPs)
             Began as a Demonspawn Fighter on June 6, 2016.
             Killed by nerve-wracking pain
             ... invoked by an orc priest
              (13 damage)
             ... on level 4 of the Dungeon.
             The game lasted 00:04:24 (2423 turns).

Scarto the Skirmisher (Demonspawn Fighter)          Turns: 2423, Time: 00:04:25

Health: -1/42      AC: 10    Str: 17    XL:     5   Next: 57%
Magic:  5/5        EV:  8    Int:  9    God:
Gold:   128        SH: 13    Dex: 13    Spells: 0 memorised, 4 levels left

rFire  . . .     SeeInvis .     a - +0 war axe
rCold  . . .     Gourm    .     b - +0 scale mail
rNeg   . . .     Faith    .     i - +0 large shield
rPois  .         Spirit   .     (no helmet)
rElec  .         Dismiss  .     t - +2 cloak {MR+}
rCorr  .         Reflect  .     (no gloves)
SustAt .         Harm     .     (no boots)
MR     +....                    x - amulet of rage
Stlth  ..........               (no ring)
                                h - +3 ring of evasion

@: somewhat resistant to hostile enchantments, extremely unstealthy
A: claws 1, spiny 1, sturdy frame 1
a: Evoke Berserk Rage


You were on level 4 of the Dungeon.
You were not hungry.

You visited 1 branch of the dungeon, and saw 4 of its levels.

You collected 128 gold pieces.

Inventory:

Hand Weapons
 a - a +0 war axe (weapon)
Missiles
 q - 7 javelins (quivered)
Armour
 b - a +0 scale mail (worn)
 i - a +0 large shield (worn)
 t - a +2 cloak of magic resistance (worn)
Jewellery
 h - a +3 ring of evasion (left claw)
 x - an amulet of rage (around neck)
Wands
 n - a wand of paralysis (15/24)
 r - a wand of slowing (9/48)
 y - a wand of slowing (33/48)
Scrolls
 f - 2 scrolls of immolation {unknown}
 g - 2 scrolls of remove curse
 l - a scroll of recharging {unknown}
 m - 5 scrolls of identify {unknown}
 o - a scroll of teleportation {unknown}
 w - a scroll of noise {unknown}
 A - a scroll of fog {unknown}
Potions
 c - 2 potions of heal wounds {unknown}
 d - 2 potions of might
 e - 2 potions of brilliance {unknown}
 k - a potion of invisibility {unknown}
 u - a potion of cancellation {unknown}
Comestibles
 j - a royal jelly
 p - 5 fruits
 s - 2 meat rations
 v - a bread ration
 z - 2 chunks of flesh


   Skills:
 + Level 3.9 Fighting
 + Level 3.0 Axes
 + Level 3.8 Armour
 + Level 3.6 Shields


You had 4 spell levels left.
You didn't know any spells.

Dungeon Overview and Level Annotations

Branches:
Dungeon (4/15)
 Temple: D:4-7

Altars:


Innate Abilities, Weirdness & Mutations

You have sharp fingernails.
You are partially covered in sharp spines.
Your movements are slightly less encumbered by armour (ER -2).


Message History

You hit the orc priest but do no damage.
The orc priest is heavily wounded.
You block the orc priest's attack.
The orc priest mumbles some strange prayers to Beogh against you.
Beogh smites you!
* * * LOW HITPOINT WARNING * * *
Unknown command.
You are too injured to fight recklessly!
Unknown command.
You are too injured to fight recklessly!
You closely miss the orc priest.
The orc priest is heavily wounded.
The orc priest mumbles some strange prayers to Beogh against you.
You resist with some effort.
You closely miss the orc priest.
The orc priest is heavily wounded.
The orc priest hits you but does no damage.
The orc priest calls down the wrath of Beogh upon you.
Pain shoots through your body!
You die...

##.. #... ##.... ###
.# ..... ..# .#
##...##.#####.####
.#.......##.......#
.......o.##.......####
......)@.............
......[..##........#
.#.......##........#
####.##.##........#
... .?##...†....# ###.
#####.#..#..# #
#.#>##..# # #.#.##..#
# #....>..#####


You could see an orc priest.

Vanquished Creatures
  Crazy Yiuf (D:2)
  An orc priest (D:4)
  Natasha (D:2)
  A worker ant (D:4)
  3 adders
  An ooze (D:1)
  A worm (D:2)
  A dart slug (D:1)
  5 giant geckos
  3 orcs
  5 giant cockroaches
  4 goblins
  5 hobgoblins
  2 jackals (D:2)
  6 kobolds
  4 quokkas (D:3)
  A ball python (D:1)
  7 bats
  3 giant newts (D:1)
  9 rats
  2 fungi (D:2)
66 creatures vanquished.

Notes
Turn   | Place    | Note
--------------------------------------------------------------
     0 | D:1      | Scarto the Demonspawn Fighter began the quest for the Orb.
     0 | D:1      | Reached XP level 1. HP: 18/18 MP: 1/1
   102 | D:1      | Gained mutation: You are partially covered in sharp spines. [demonic ancestry]
   102 | D:1      | Reached XP level 2. HP: 20/24 MP: 2/2
   617 | D:1      | Gained mutation: You have sharp fingernails. [demonic ancestry]
   617 | D:1      | Reached XP level 3. HP: 29/29 MP: 3/3
   949 | D:2      | Noticed Natasha
   954 | D:2      | Killed Natasha
   954 | D:2      | Gained mutation: Your movements are slightly less encumbered by armour (ER -2). [demonic ancestry]
   954 | D:2      | Reached XP level 4. HP: 19/35 MP: 4/4
  1450 | D:2      | Noticed Crazy Yiuf
  1455 | D:2      | Killed Crazy Yiuf
  2042 | D:3      | Reached XP level 5. HP: 41/41 MP: 5/5
  2423 | D:4      | Killed from afar by an orc priest

Skill      XL: |  1  2  3  4  5 |
---------------+----------------+-----
Axes           | 2 3 |  3.0
Armour         | 3 |  3.8
Shields        | 3 |  3.6
Fighting       | |  3.9

Action                   |  1- 3 |  4- 6 || total
-------------------------+-------+-------++-------
Melee: War axe           |    61 |    74 ||   135
  Use: Scroll            |     2 |       ||     2
  Eat: Bread ration      |       |     1 ||     1
       Pizza             |       |     1 ||     1
Armor: Scale mail        |    20 |    15 ||    35
Dodge: Dodged            |    13 |    18 ||    31
Block: Shield            |    26 |       ||    26
       Large shield      |    13 |    39 ||    52
